 Dungeon Crawl Stone Soup version 0.20.0-10-g0535bb4 (console) character file.

126 jeanjacques the Charlatan (level 5, 0/45 HPs)
             Began as a Ghoul Artificer on June 5, 2017.
             Slain by an iguana (12 damage)
             ... on level 7 of the Dungeon.
             The game lasted 00:02:44 (666 turns).

jeanjacques the Charlatan (Ghoul Artificer)          Turns: 666, Time: 00:02:45

Health: 0/45       AC:  4    Str: 17    XL:     5   Next: 10%
Magic:  7/7        EV: 11    Int:  6    God:
Gold:   72         SH:  0    Dex:  9    Spells: 4/4 levels left

rFire    . . .     SeeInvis .   a - +3 hand axe
rCold    + . .     Gourm    .   (no shield)
rNeg     + + +     Faith    .   b - +0 leather armour
rPois    ∞         Spirit   .   (no helmet)
rElec    .         Reflect  .   q - +0 cloak
rCorr    .         Harm     .   (no gloves)
MR       .....     Rnd*Tele +   (no boots)
Stlth    +.........             (no amulet)
Regen    0.0/turn               n - ring of teleportation (curse)
MPRegen  0.1/turn               (no ring)

@: rotting
A: rotting body, claws 1, carnivore 3, cold resistance 1, negative energy
resistance 3, inhibited regeneration, torment resistance, unbreathing
a: no special abilities


You were on level 7 of the Dungeon.
You were not hungry.

You visited 1 branch of the dungeon, and saw 6 of its levels.

You collected 72 gold pieces.

Inventory:

Hand Weapons
 a - a +3 hand axe (weapon)
 m - a +0 short sword
Missiles
 i - 45 stones (quivered)
Armour
 b - a +0 leather armour (worn)
 p - a +0 scale mail
 q - a +0 cloak (worn)
Jewellery
 n - a cursed ring of teleportation (left claw)
Wands
 c - a wand of flame (13/48)
 d - a wand of enslavement (13/24)
 e - a wand of random effects (11/48)
Scrolls
 o - a scroll of magic mapping {unknown}
Potions
 g - 2 potions of cancellation
 j - 2 potions of might {unknown}
 k - a potion of flight {unknown}
 l - a potion of haste {unknown}
Comestibles
 f - 3 meat rations
 h - 10 chunks of flesh {@w1}


   Skills:
 + Level 3.5 Fighting
 - Level 0.8 Short Blades
 - Level 1.7 Dodging
 - Level 1.1 Stealth
 + Level 4.1 Evocations


You had 4 spell levels left.
You didn't know any spells.

Dungeon Overview and Level Annotations

Branches:
Dungeon (7/15)
 Temple: D:4-7

Altars:
Trog


Innate Abilities, Weirdness & Mutations

Your body is rotting away.
You thrive on raw meat.
You are immune to poison.
You have sharp fingernails.
You are carnivorous and can eat meat at any time.
Your flesh is cold resistant. (rC+)
You are immune to negative energy. (rN+++)
You do not regenerate when monsters are visible.
You are immune to unholy pain and torment.
You can survive without breathing.


Message History

The crimson imp shouts!
An iguana comes into view.
The iguana hisses angrily.
The crimson imp closely misses you.
Found a scorched short sword and 10 gold pieces.
Found a stone staircase leading down.
A leopard gecko comes into view.
The crimson imp hits you but does no damage.
You hit the iguana but do no damage.
Your leather armour prevents you from hitting the crimson imp.
The iguana bites you! The crimson imp barely misses you.
You hit the iguana but do no damage. You miss the crimson imp.
The iguana closely misses you. The crimson imp puffs mist at you.
The crimson imp blinks!
You completely miss the iguana. The iguana barely misses you.
The crimson imp blinks!
The iguana barely misses you.
You hit the iguana but do no damage. You hit the leopard gecko.
The leopard gecko bites you. The iguana bites you! The leopard gecko bites you.
You hit the leopard gecko.
You kill the leopard gecko!
You hit the iguana. The iguana bites you.
You hit the iguana.
The iguana is lightly wounded.
The iguana closely misses you. The iguana barely misses you.
You hit the iguana.
The iguana is heavily wounded.
The iguana closely misses you.
The crimson imp grinds its teeth.
You hit the iguana but do no damage.
The iguana is heavily wounded.
The iguana misses you.
The crimson imp blinks!
You hit the iguana.
The iguana is severely wounded.
The iguana bites you!
* * * LOW HITPOINT WARNING * * *
You hit the iguana.
The iguana is severely wounded.
The iguana misses you. The iguana bites you!
You die...

.### #..# ##
...# #. .# ##.#
# ###. ##.# #
.# #.##... ...
.. .......##..
# ...
......#...#
.....
........l.#
......
........n.#####
...#
.......%......#
.....
..............#
.....
........#..####
...
..)....#..##
... ....... ...
.....>$ #...
...##.. #...
..# ... ..#


You could see an iguana.

Vanquished Creatures
  An ogre (D:4)
  A worm (D:3)
  A dart slug (D:4)
  A leopard gecko (D:7)
  5 orcs
  A giant cockroach (D:4)
  2 goblins
  A bat (D:1)
  A frilled lizard (D:2)
  2 kobolds (D:1)
  2 rats (D:1)
18 creatures vanquished.

Vanquished Creatures (collateral kills)
  2 orcs (D:6)
  5 kobolds (D:4)
7 creatures vanquished.

Vanquished Creatures (others)
  An orc priest (D:6)
  8 toadstools (D:4)
9 creatures vanquished.

Grand Total: 34 creatures vanquished

Notes
Turn   | Place    | Note
-------+----------+-------------------------------------------
     0 | D:1      | jeanjacques the Ghoul Artificer began the quest for the Orb.
     0 | D:1      | Reached XP level 1. HP: 16/16 MP: 1/1
   203 | D:4      | Reached skill level 3 in Evocations
   203 | D:4      | Reached XP level 2. HP: 24/24 MP: 1/3
   209 | D:4      | Noticed an ogre
   214 | D:4      | Killed an ogre
   214 | D:4      | Reached skill level 3 in Fighting
   214 | D:4      | Reached XP level 3. HP: 14/31 MP: 1/4
   214 | D:4      | Reached XP level 4. HP: 17/38 MP: 1/5
   333 | D:4      | Reached skill level 4 in Evocations
   495 | D:3      | You fall through a shaft for 3 floors!
   520 | D:6      | Reached XP level 5. HP: 10/45 MP: 7/7
   556 | D:6      | Noticed a sky beast
   617 | D:6      | Found a bloodstained altar of Trog.
   666 | D:7      | Slain by an iguana

Skill      XL: |  1  2  3  4 |
---------------+-------------+-----
Evocations     | 3 4 |  4.1
Fighting       | 3 |  3.5
Short Blades   | |  0.8
Dodging        | |  1.7
Stealth        | |  1.1

Action                   |  1- 3 |  4- 6 || total
-------------------------+-------+-------++-------
Melee: Short sword       |    28 |    47 ||    75
       Hand axe          |       |    12 ||    12
Evoke: Wand              |     4 |     4 ||     8
  Use: Scroll            |       |     2 ||     2
  Eat: Chunk             |     3 |    13 ||    16
Armor: Leather armour    |    11 |     7 ||    18
Dodge: Dodged            |    15 |    29 ||    44

Table legend:
 A = Turns spent in this place as a percentage of turns spent in the entire game.
 B = Non-inter-level travel turns spent in this place as a percentage of non-inter-level travel turns spent in the entire game.
 C = Inter-level travel turns spent in this place as a percentage of turns spent in this place.
 D = Turns resting spent in this place as a percentage of non-inter-level travel turns spent in this place.
 E = Turns spent auto-exploring this place as a percentage of non-inter-level travel turns spent in this place.
 F = Non-inter-level travel turns spent in this place divided by the number of levels of this place that you've seen.
                   A       B       C       D       E      F
               +-------+-------+-------+-------+-------+----------------------
         Total | 100.0 | 100.0 |   0.3 |   0.0 |   7.9 |  61.5
       Dungeon | 100.0 | 100.0 |   0.3 |   0.0 |   7.9 |  61.5
               +-------+-------+-------+-------+-------+----------------------

Table legend:
 A = Kills in this place as a percentage of kills in entire the game.
 B = Kills by you in this place as a percentage of kills by you in the entire game.
 C = Kills by friends in this place as a percentage of kills by friends in the entire game.
 D = Other kills in this place as a percentage of other kills in the entire game.
 E = Experience gained in this place as a percentage of experience gained in the entire game.
 F = Experience gained in this place divided by the number of levels of this place that you have seen.
                   A       B       C       D       E      F
               +-------+-------+-------+-------+-------+----------------------
         Total | 100.0 | 100.0 | 100.0 |  -nan | 100.0 |  30.2
       Dungeon | 100.0 | 100.0 | 100.0 |  -nan | 100.0 |  30.2
               +-------+-------+-------+-------+-------+----------------------

Vault maps used:
D:1:      dpeg_arrival_rooms_c, serial_glass, glass_columns_c, glass_columns_c,
          glass_columns_a, glass_columns_a, item_on_display_a
D:2:      uniq_crazy_yiuf_cottage
D:4:      cheibrodos_fertilizer, first_bread, nicolae_ossuary_entry_plus,
          uniq_grinder
D:6:      nicolae_overflow_hidden_temple, grunt_decor_mini_mirrors,
          lemuel_flame_loot_1, uniq_pikel

Action                   |  1- 3 |  4- 6 || total
-------------------------+-------+-------++-------
Melee: Short sword       |    28 |    47 ||    75
       Hand axe          |       |    12 ||    12
Evoke: Wand              |     4 |     4 ||     8
  Use: Scroll            |       |     2 ||     2
  Eat: Chunk             |     3 |    13 ||    16
Armor: Leather armour    |    11 |     7 ||    18
Dodge: Dodged            |    15 |    29 ||    44
